AoeStats
← alexmavrovic

Nomad

508802258Analyzed
3v3 RM · 9d ago on Sep 24, 2026· 80m 12s· 6 players
Game mode
Random Map
Map size
210×210
Population
200
Speed
Normal
Resources
Standard
Victory
Conquest
Starting age
Dark Age
Ending age
Imperial Age
RankedLock teamsTeams togetherTeam positionsShared explorationLock speedFull tech treeHidden civsTurbo modeCheats
Victory
Defeat
🇵🇪 Turks · Peru
1190
+13
🇲🇽 Koreans · Mexico
1186
+13
🇺🇸 Varangians · United States
1168
+13
🇨🇦 Varangians · Canada
1121
-13
🇺🇸 Vietnamese · United States
1116
-13
🇺🇸 Armenians · United States
1109
-13
Oveja de Batalla
5:20 Loom
14:31 Feudal Age
19:04 Castle Age
17:12 Double-Bit Axe
17:10 Horse Collar
18:30 Town Watch
20:16 Bow Saw
21:40 Heavy Plow
23:09 Fletching
24:13 Bodkin Arrow
25:37 Gold Mining
26:00 Forging
25:51 Scale Mail Armor
30:22 Wheelbarrow
30:45 Pikeman
31:27 Squires
32:14 Chain Mail Armor
34:50 Eupseong
35:27 Iron Casting
37:35 Imperial Age
36:57 Scale Barding Armor
39:20 Chemistry
38:41 Ballistics
38:47 Conscription
38:24 Elite Fire Lancer
40:54 Plate Mail Armor
46:03 Plate Mail Armor
46:42 Light Cavalry
47:34 Husbandry
49:35 Gold Shaft Mining
48:53 Halberdier
52:47 Heavy Rocket Cart
54:25 Hand Cart
59:00 Bracer
61:32 Cavalier
71:43 Hussar
76:49 Two-Man Saw
Tom Bombadil
11:06 Loom
13:20 Feudal Age
15:02 Bloodlines
25:30 Castle Age
24:58 Wheelbarrow
34:22 Hand Cart
33:52 Town Watch
35:34 Gold Mining
35:35 Stone Mining
37:55 Double-Bit Axe
38:39 Husbandry
40:17 Scale Barding Armor
40:22 Forging
41:21 Chain Barding Armor
43:09 Iron Casting
44:14 Caravan
46:49 Imperial Age
48:07 Elite Jarl
48:19 Capped Ram
50:38 Blast Furnace
50:14 Plate Barding Armor
53:10 Siege Ram
66:39 Fletching
66:49 Padded Archer Armor
70:18 Light Cavalry
72:32 Hussar
Kiyopon
3:10 Loom
15:06 Feudal Age
15:48 Fishing Lines
16:40 Double-Bit Axe
16:36 Horse Collar
21:19 Castle Age
19:50 Stone Mining
19:56 Gold Mining
22:45 Medium Warships
24:37 Wheelbarrow
25:53 Gillnets
27:19 Hand Cart
30:50 Imperial Age
29:51 Bow Saw
29:45 Heavy Plow
30:57 Gold Shaft Mining
31:55 Elite Janissary
34:59 Conscription
38:13 Scale Barding Armor
38:19 Forging
38:11 Artillery
39:02 Bloodlines
38:52 Husbandry
40:46 Chain Barding Armor
41:01 Iron Casting
41:44 Two-Man Saw
42:17 Heavy Camel Rider
44:11 Plate Barding Armor
44:36 Blast Furnace
45:10 Blast Furnace
45:19 Fletching
45:29 Padded Archer Armor
45:49 Masonry
45:59 Ballistics
46:59 Hoardings
49:25 Architecture
48:36 Treadmill Crane
53:31 Bodkin Arrow
53:51 Leather Archer Armor
53:31 Cavalier
54:33 Bracer
56:34 Ring Archer Armor
64:00 Murder Holes
Kodrokos
4:46 Loom
14:01 Feudal Age
15:53 Fishing Lines
16:03 Double-Bit Axe
19:51 Castle Age
19:02 Horse Collar
21:25 Bow Saw
23:18 Forging
25:07 Town Watch
26:34 Wheelbarrow
27:10 Hand Cart
27:11 Fletching
27:56 Elite Skirmisher
29:10 Gold Mining
32:19 Thumb Ring
31:39 Pikeman
33:45 Heavy Plow
34:33 Squires
37:05 Imperial Age
36:10 Bodkin Arrow
36:17 Scale Mail Armor
36:54 Bloodlines
36:44 Husbandry
36:58 Chatras
38:00 Iron Casting
37:19 Imperial Skirmisher
38:40 Bracer
39:03 Ballistics
39:41 Chain Mail Armor
40:45 Two-Man Saw
40:55 Padded Archer Armor
41:08 Halberdier
44:19 Plate Mail Armor
47:52 Elite Battle Elephant
49:05 Scale Barding Armor
72:28 Chemistry
alexmavrovic
5:30 Loom
12:29 Feudal Age
18:13 Castle Age
18:52 Pikeman
23:57 Wheelbarrow
23:52 Scale Barding Armor
24:35 Double-Bit Axe
24:55 Horse Collar
25:38 Bloodlines
27:22 Forging
29:46 Chain Barding Armor
30:45 Husbandry
31:17 Gold Mining
32:49 Iron Casting
35:34 Hand Cart
41:48 Imperial Age
40:28 Bow Saw
42:09 Cavalier
46:51 Vendel Legacy
46:59 Light Cavalry
47:49 Light Cavalry
50:07 Plate Barding Armor
51:21 Two-Man Saw
50:22 Heavy Plow
50:14 Stone Mining
53:20 Blast Furnace
55:55 Hussar
57:03 Hussar
63:27 Crop Rotation
63:33 Stone Shaft Mining
67:08 Fletching
67:18 Scale Mail Armor
Jersey_TitanX
4:49 Loom
14:24 Feudal Age
14:51 Double-Bit Axe
20:47 Castle Age
19:05 Fishing Lines
20:08 Fletching
21:17 Stone Mining
21:44 Gold Mining
24:21 Bow Saw
28:14 Wheelbarrow
27:55 Bodkin Arrow
28:00 Padded Archer Armor
29:58 Town Watch
30:31 Hand Cart
34:58 Imperial Age
33:19 Leather Archer Armor
32:41 Crossbowman
35:27 Arbalester
37:48 Ring Archer Armor
37:25 Horse Collar
37:28 Elite Composite Bowman
38:51 Bracer
39:28 Ballistics
40:19 Gold Shaft Mining
41:03 Chemistry
40:57 Heavy Plow
42:22 Conscription
43:08 Conscription
72:19 Elite Skirmisher
72:55 Pikeman
73:36 Squires
Connection lost

Rejoining the realm…

Still unreachable

The connection could not be restored.

Session expired

The server has moved on; the page needs a fresh start.